 Dungeon Crawl Stone Soup version 0.21-a0-348-ga060c75 (webtiles) character file.

509 JackS81 the Cleaver (level 6, -2/51 HPs)
             Began as a Minotaur Gladiator on Oct 6, 2017.
             Killed by nerve-wracking pain
             ... invoked by Grinder
              (10 damage)
             ... on level 4 of the Dungeon.
             The game lasted 00:10:51 (3254 turns).

JackS81 the Cleaver (Minotaur Gladiator)            Turns: 3254, Time: 00:10:53

Health: -2/51      AC: 10    Str: 20      XL:     6   Next: 98%
Magic:  5/5        EV: 12    Int:  4 (5)  God:
Gold:   200        SH:  3    Dex:  9 (12) Spells: 5/5 levels left

rFire    . . .     SeeInvis .   a - +1 war axe
rCold    . . .     Gourm    .   (no shield)
rNeg     . . .     Faith    .   i - +0 ring mail
rPois    .         Spirit   .   c - +0 hat
rElec    .         Reflect  +   C - +0 cloak
rCorr    .         Harm     .   (no gloves)
MR       +....                  (no boots)
Stlth    ..........             q - +3 amulet of reflection
HPRegen  0.17/turn              (no ring)
MPRegen  0.09/turn              (no ring)

@: no status effects
A: retaliatory headbutt, horns 2, icy blue scales 1, rugged brown scales 1,
deterioration 1, magic resistance 1
a: no special abilities


You were on level 4 of the Dungeon.
You were hungry.

You visited 1 branch of the dungeon, and saw 4 of its levels.

You collected 200 gold pieces.

Inventory:

Hand Weapons
 a - a +1 war axe (weapon)
 x - a +0 shortbow
 z - a +2 hand axe of flaming
 B - a +4 quarterstaff of chaos
Missiles
 d - 3 throwing nets (quivered)
 l - 17 bolts
 w - 11 tomahawks
 y - 28 arrows
Armour
 b - a +0 leather armour
 c - a +0 hat (worn)
 i - a +0 ring mail (worn)
 C - a +0 cloak (worn)
Jewellery
 q - a +3 amulet of reflection (around neck)
Wands
 p - a wand of confusion (17/48)
Scrolls
 e - 2 scrolls of fog {unknown}
 g - a scroll of fear {unknown}
 k - 2 scrolls of teleportation
 n - 4 scrolls of identify
 o - a scroll of immolation
 s - 3 scrolls of remove curse
Potions
 r - 4 potions of curing
Comestibles
 f - 4 bread rations
 t - 2 fruits
 u - 2 meat rations
 v - a royal jelly


   Skills:
 - Level 2.4 Fighting
 * Level 8.4 Axes
 - Level 2.0 Throwing
 * Level 4.2 Armour
 - Level 3.2 Dodging


You had 5 spell levels left.
You didn't know any spells.

Dungeon Overview and Level Annotations

Branches:
Dungeon (4/15)
 Temple: D:4-7

Altars:
Hepliaklqana
Xom

Annotations:
D:4 Grinder


Innate Abilities, Weirdness & Mutations

You reflexively headbutt those who attack you in melee.
You have a pair of horns on your head.
You are partially covered in icy blue scales. (AC +2)
You are partially covered in rugged brown scales. (AC +1, +3% HP)
Your body sometimes deteriorates upon taking damage.
You are resistant to hostile enchantments. (MR+)


Message History

Grinder is severely wounded.
Grinder gestures at you. Pain shoots through your body!
You closely miss Grinder.
Grinder is severely wounded.
Grinder gestures at you. You resist with some effort.
You slash Grinder! You headbutt Grinder, but do no damage.
Grinder is almost dead.
Grinder gestures at you. Pain shoots through your body!
* * * LOW HITPOINT WARNING * * *
Your body deteriorates!
You feel dopey.
You barely miss Grinder. Your headbutt misses Grinder.
Grinder is almost dead.
Grinder gestures at you. You resist with some effort. Grinder gestures at you.
Pain shoots through your body!
You die...

#............##'##)#..#.
#....(.......##..####.##
#............###.#.#..##
#............##....##.#
#.......########..†.#.##
#.......# .##..#(.#.#.
#.#####.###.#.#######.#.
#.# #.#....# #.#. #.#
#@..#...# #... #.# #5###
...# #... #.# #.# §...
#### #.. ..# .## #.. ###
#### #≈ #.# P #.# #P #.#
#P #.#######.# #.≈
#..........


You could see Grinder.

Vanquished Creatures
  Sigmund (D:4)
  The ghost of Oki the Insei, an amateur OpTm of Wu Jian (D:4)
  An orc priest (D:3)
  Crazy Yiuf (D:3)
  2 worker ants (D:4)
  6 adders
  2 oozes
  An adder skeleton (D:3)
  3 worms
  2 dart slugs
  5 leopard geckos
  4 orcs
  3 giant cockroaches
  7 goblins
  8 hobgoblins
  10 jackals
  A quokka (D:3)
  12 bats
  5 frilled lizards
  7 kobolds
  7 rats
89 creatures vanquished.

Vanquished Creatures (others)
  13 fungi (D:4)
13 creatures vanquished.

Grand Total: 102 creatures vanquished

Notes
Turn   | Place    | Note
-------+----------+-------------------------------------------
     0 | D:1      | JackS81 the Minotaur Gladiator began the quest for the Orb.
     0 | D:1      | Reached XP level 1. HP: 18/18 MP: 0/0
    97 | D:1      | Reached skill level 4 in Axes
   151 | D:1      | Reached XP level 2. HP: 25/25 MP: 1/1
   223 | D:1      | Reached skill level 1 in Armour
   516 | D:1      | Reached XP level 3. HP: 30/30 MP: 2/2
   657 | D:2      | Found a shimmering altar of Xom.
   676 | D:2      | Reached skill level 5 in Axes
  1002 | D:2      | Reached XP level 4. HP: 36/37 MP: 3/3
  1266 | D:2      | Reached skill level 6 in Axes
  1372 | D:2      | Found a faded altar of an unknown god.
  1888 | D:3      | Found a runed door.
  1956 | D:3      | Reached XP level 5. HP: 19/42 MP: 4/4
  2240 | D:3      | Found a hazy altar of Hepliaklqana.
  2474 | D:3      | Noticed Crazy Yiuf
  2477 | D:3      | Killed Crazy Yiuf
  2477 | D:3      | Reached skill level 7 in Axes
  2568 | D:4      | Noticed Sigmund
  2593 | D:4      | Gained mutation: You are partially covered in icy blue scales. (AC +2) [potion of mutation]
  2593 | D:4      | Gained mutation: Your body sometimes deteriorates upon taking damage. [potion of mutation]
  2593 | D:4      | Gained mutation: You are resistant to hostile enchantments. (MR+) [potion of mutation]
  2593 | D:4      | Gained mutation: You are partially covered in rugged brown scales. (AC +1, +3% HP) [potion of mutation]
  2608 | D:4      | Killed Sigmund
  2608 | D:4      | Reached XP level 6. HP: 23/51 MP: 5/5
  2944 | D:4      | Reached skill level 8 in Axes
  2978 | D:4      | Noticed Oki's ghost (amateur OpTm)
  3001 | D:4      | Killed Oki's ghost
  3220 | D:4      | Noticed Grinder
  3231 | D:4      | Paralysed by Grinder for 2 turns
  3241 | D:4      | Paralysed by Grinder for 3 turns
  3254 | D:4      | Killed from afar by Grinder

Vault maps used:
D:1:      minmay_arrival_wavy_path
D:2:      xom_teletrap_fun, chequers_ecumenical_altar_twisty
D:3:      nicolae_overflow_crystal_walls, nrook_loot_triangle,
          uniq_crazy_yiuf_cottage
D:4:      minmay_wonky_spiral, kennysheep_mini_moat, lemuel_temple_firewalk_b,
          serial_aquarium, aquarium_bridge_long_separate,
          aquarium_bridge_square, aquarium_window_2, aquarium_window_3,
          aquarium_view_2c, aquarium_view_2g, aquarium_balcony_double_3,
          first_bread, uniq_eustachio, uniq_grinder, uniq_sigmund

Skill      XL: |  1  2  3  4  5  6 |
---------------+-------------------+-----
Axes           | 4 5 6 7 8 |  8.4
Armour         | 1 2 3 4 |  4.2
Fighting       | |  2.4
Throwing       | |  2.0
Dodging        | |  3.2

Action                   |  1- 3 |  4- 6 || total
-------------------------+-------+-------++-------
Melee: War axe           |    67 |   137 ||   204
       Headbutt          |     6 |    20 ||    26
  Use: Scroll            |       |     7 ||     7
       Potion            |       |     6 ||     6
  Eat: Chunk             |       |     7 ||     7
Armor: Leather armour    |    17 |     2 ||    19
       Ring mail         |       |    40 ||    40
Dodge: Dodged            |    45 |    81 ||   126
Block: Other             |       |     2 ||     2

Table legend:
 A = Spawn XP
 B = Non-spawn XP
 C = Spawn XP percentage of total XP
 D = Spawn monster count
 E = Non-spawn monster count
 F = Spawn count percentage of total count
 G = Total turns spent on level
                    A         B        C        D         E        F      G
               +---------+---------+-------+---------+---------+-------+---------
         Total |       0 |     728 |   0.0 |       0 |      89 |   0.0 |  3254
               +---------+---------+-------+---------+---------+-------+---------
           D:1 |       0 |      42 |   0.0 |       0 |      22 |   0.0 |   657
           D:2 |       0 |     123 |   0.0 |       0 |      29 |   0.0 |  1135
           D:3 |       0 |     142 |   0.0 |       0 |      30 |   0.0 |   762
           D:4 |       0 |     421 |   0.0 |       0 |       8 |   0.0 |   700
               +---------+---------+-------+---------+---------+-------+---------
